 Dungeon Crawl Stone Soup version 0.24.0-123-gd5b16e6ec5 (webtiles) character file.

Game seed: 16845921818316206938, levelgen mode: deterministic

5627 Elellon the Cleaver (level 10, 0/91 HPs)
             Began as a Deep Dwarf Fighter on Jan 14, 2020.
             Was an Initiate of Makhleb.
             Slain by Erica
             ... wielding a +3 scimitar of flaming
              (1 damage)
             ... on level 9 of the Dungeon.
             The game lasted 00:21:12 (7333 turns).

Elellon the Cleaver (Deep Dwarf Fighter)            Turns: 7333, Time: 00:21:13

Health: 0/91       AC: 21    Str: 23    XL:     10   Next: 46%
Magic:  9/9        EV:  5    Int:  9    God:    Makhleb [......]
Gold:   556        SH:  0    Dex: 12    Spells: 9/9 levels left

rFire    . . .     SeeInvis .   a - +0 war axe
rCold    . . .     Gourm    .   c - +0 shield
rNeg     . . .     Faith    .   G - +0 plate armour
rPois    +         Spirit   .   l - +0 helmet
rElec    .         Reflect  +   E - +2 cloak {rPois}
rCorr    .         Harm     .   o - +0 pair of gloves
MR       +....                  (no boots)
Stlth    ..........             q - +4 amulet of reflection
HPRegen  0.00/turn              w - +2 ring of protection
MPRegen  0.11/turn              (no ring)

@: confused, non-regenerating
A: damage resistance, heal wounds, sense surroundings 2, no regeneration
a: Heal Wounds, Renounce Religion


You were on level 9 of the Dungeon.
You worshipped Makhleb.
Makhleb was noncommittal.
You were not hungry.

You visited 2 branches of the dungeon, and saw 10 of its levels.

You collected 556 gold pieces.

Inventory:

Hand Weapons
 a - a +0 war axe (weapon)
Missiles
 i - 36 poisoned darts (quivered)
Armour
 c - a +0 shield (worn)
 l - a +0 helmet (worn)
 o - a +0 pair of gloves (worn)
 E - a +2 cloak of poison resistance (worn)
 G - a +0 plate armour (worn)
Jewellery
 q - a +4 amulet of reflection (around neck)
 t - an uncursed ring of stealth
 u - an uncursed ring of magical power
 w - a +2 ring of protection (left hand)
Wands
 r - a wand of clouds (3)
 y - a wand of acid (19)
 F - a wand of disintegration (8)
Scrolls
 g - 7 scrolls of teleportation
 m - 4 scrolls of remove curse
 n - 2 scrolls of amnesia {unknown}
 p - 2 scrolls of identify
 s - a scroll of fog {unknown}
 x - 2 scrolls of fear {unknown}
 z - 5 scrolls of enchant armour {unknown}
 C - a scroll of random uselessness {unknown}
 D - 2 scrolls of immolation {unknown}
 H - a scroll of magic mapping {unknown}
 I - 2 scrolls of blinking {unknown}
Potions
 d - a potion of might
 e - 5 potions of haste
 h - 4 potions of flight
 j - 2 potions of curing
 k - a potion of brilliance {unknown}
 v - 3 potions of ambrosia {unknown}
 A - 3 potions of heal wounds {unknown}
 B - a potion of agility {unknown}
Comestibles
 b - 15 chunks of flesh
 f - 18 rations


   Skills:
 + Level 6.1 Fighting
 * Level 12.7 Axes
 + Level 7.3 Armour
 + Level 7.4 Shields


You had 9 spell levels left.
You didn't know any spells.
Your spell library contained the following spells:

 Spells                   Type           Power        Failure   Level  Hunger
 Beastly Appendage        Tmut           #.....       100%        1    ##.....
 Corona                   Hex            #......      100%        1    ##.....
 Slow                     Hex            #.......     100%        2    ###....
 Sticks to Snakes         Tmut           #.......     100%        2    ###....
 Inner Flame              Hex/Fire       #.......     100%        3    ####...
 Portal Projectile        Hex/Tloc       #.....       100%        3    ####...
 Spider Form              Tmut/Pois      #.........   100%        3    ####...
 Cause Fear               Hex            #.........   100%        4    #####..
 Ice Form                 Ice/Tmut       #.......     100%        4    #####..
 Leda's Liquefaction      Hex/Erth       #.........   100%        4    #####..
 Blade Hands              Tmut           #.........   100%        5    ######.


Dungeon Overview and Level Annotations

Branches:
Dungeon (9/15)             Temple (1/1) D:7
   Lair: D:8-11         Orc: D:9-12

Altars:
Ashenzari
Cheibriados
Dithmenos
Elyvilon
Fedhas
Gozag
Hepliaklqana
Kikubaaqudgha
Makhleb
Nemelex Xobeh
Okawaru
Qazlal
Ru
Sif Muna
Trog
Uskayaw
Vehumet
Wu Jian
Xom
Yredelemnul
Zin
The Shining One

Annotations:
D:9 Erica


Innate Abilities, Weirdness & Mutations

You are resistant to damage.
You can heal yourself by infusing magical energy.
You passively map the area around you.
You do not regenerate.


Message History

You slash something! You hit the bush. Something hits you but does no damage.
The kobold throws a stone.
The stone hits you but does no damage.
You hear some strange, mumbled words.
An orb of energy appears from out of thin air!
The orb of energy hits you!!
* * * LOW HITPOINT WARNING * * *
The kobold throws a stone.
There is a dry fountain, spattered with blood here.
Something hits you but does no damage.
The kobold throws a stone.
Something hits you but does no damage.
You see here a stone.
You bump into the rock wall.
Something hits you but does no damage.
The kobold throws a stone.
You're too confused!
You're too confused!
You're too confused!
You bump into the rock wall.
Something hits you but does no damage.
You're too confused!
Something hits you.
You die...

............. .......##
...........# ........# *
..........# #........ *,
, ..........# #.........#
** ..........##
##.......... ,
...###.....###.P#........
* ..## ##......##..##
..... ***, ..#
#......#_().#...... ,, ,
...# #......#.)@)#......
, ** #...
*#......._.⌠(K.(.... ,,*
... , #......#PP.(#......
, .. #......#_.P.#......
, , ,
#......##..##,....., , ,
,, ,.........#### .....
,,,, , ....###.., * ....
,, , ...#* ##. * .(.. , ,
, ..* , ,


You could see a kobold.

Vanquished Creatures
  An elephant (D:9)
  3 yaks
  A basilisk (D:9)
  A human (D:8)
  2 hogs (D:8)
  Menkaure (D:6)
  A water moccasin (D:8)
  3 orc warriors
  2 sky beasts (D:6)
  A hornet zombie (D:8)
  A black bear (D:6)
  2 ice beasts (D:7)
  A centaur (D:7)
  7 ogres
  2 phantoms
  4 bullfrogs
  A big kobold (D:9)
  A water moccasin zombie (D:7)
  3 gnoll sergeants
  3 scorpions
  3 vampire bats (D:4)
  4 howler monkeys
  2 crimson imps
  2 centaur zombies
  2 quasits
  5 hounds
  A gnoll shaman (D:8)
  2 jellies (D:9)
  Crazy Yiuf (D:6)
  3 centaur skeletons
  6 orc wizards
  Jessica (D:2)
  3 iguanas
  Terence (D:2)
  6 worker ants
  A killer bee zombie (D:5)
  A hound zombie (D:9)
  A hound skeleton (D:8)
  14 gnolls
  5 adders
  An adder zombie (D:6)
  An adder skeleton (D:9)
  A worm (D:4)
  2 dart slugs (D:1)
  2 leopard geckos (D:1)
  13 orcs
  11 bats
  4 bat skeletons (D:4)
  2 bat zombies (D:4)
  5 giant cockroaches
  7 goblins
  5 hobgoblins
  12 jackals
  2 quokkas
  3 ball pythons
  12 frilled lizards
  2 jackal zombies (D:6)
  7 kobolds
  7 rats
  2 fungi (D:6)
206 creatures vanquished.

Vanquished Creatures (others)
  A centaur (D:9)
1 creature vanquished.

Grand Total: 207 creatures vanquished

Notes
Turn   | Place    | Note
-------+----------+-------------------------------------------
     0 | D:1      | Elellon the Deep Dwarf Fighter began the quest for the Orb.
     0 | D:1      | Reached XP level 1. HP: 20/20 MP: 1/1
   274 | D:1      | Reached skill level 3 in Axes
   274 | D:1      | Reached XP level 2. HP: 20/27 MP: 2/2
   738 | D:1      | Reached XP level 3. HP: 14/33 MP: 3/3
   872 | D:1      | Reached skill level 4 in Axes
  1247 | D:2      | Noticed Terence
  1305 | D:2      | Killed Terence
  1453 | D:2      | Noticed Jessica
  1466 | D:2      | Killed Jessica
  1466 | D:2      | Reached skill level 5 in Axes
  1466 | D:2      | Reached XP level 4. HP: 13/40 MP: 4/4
  1525 | D:2      | Found a faded altar of an unknown god.
  1734 | D:3      | Found an ornate altar of the Wu Jian Council.
  1911 | D:3      | Reached XP level 5. HP: 15/46 MP: 5/5
  1954 | D:3      | Reached skill level 6 in Axes
  2156 | D:3      | Found a stormy altar of Qazlal.
  2299 | D:4      | Noticed an ogre
  2376 | D:4      | Found a glowing golden altar of the Shining One.
  2462 | D:4      | Killed an ogre
  2462 | D:4      | Reached skill level 7 in Axes
  2462 | D:4      | Reached XP level 6. HP: 33/55 MP: 6/6
  2575 | D:4      | Found a hide-covered altar of Uskayaw.
  2781 | D:4      | Reached skill level 8 in Axes
  2997 | D:4      | Found an ancient bone altar of Kikubaaqudgha.
  3008 | D:4      | Reached XP level 7. HP: 23/61 MP: 7/7
  3050 | D:5      | Entered Level 5 of the Dungeon
  3349 | D:5      | Reached skill level 9 in Axes
  4116 | D:6      | Reached XP level 8. HP: 57/69 MP: 8/8
  4338 | D:6      | Reached skill level 10 in Axes
  4615 | D:6      | Noticed Menkaure
  4746 | D:6      | Found a shadowy altar of Dithmenos.
  4876 | D:6      | Found a runed translucent door.
  4877 | D:6      | Noticed Crazy Yiuf
  4882 | D:6      | Killed Crazy Yiuf
  4927 | D:6      | Killed Menkaure
  4927 | D:6      | Reached skill level 5 in Armour
  4927 | D:6      | Reached skill level 5 in Shields
  5181 | D:7      | Gained mutation: You passively map the area around you.
                  | [Deep Dwarf growth]
  5181 | D:7      | Reached XP level 9. HP: 58/78 MP: 9/9
  5264 | D:7      | Found a basalt altar of Yredelemnul.
  5278 | D:7      | Reached skill level 11 in Axes
  5337 | D:7      | Found a staircase to the Ecumenical Temple.
  5345 | Temple   | Entered the Ecumenical Temple
  6209 | D:8      | Reached skill level 5 in Fighting
  6453 | D:8      | Reached skill level 12 in Axes
  6804 | D:8      | Reached XP level 10. HP: 67/88 MP: 9/9
  7140 | D:9      | Noticed an elephant
  7171 | D:9      | Killed an elephant
  7295 | D:9      | Found a shattered altar of Ashenzari.
  7296 | D:9      | Found a glowing silver altar of Zin.
  7301 | D:9      | Found a burning altar of Makhleb.
  7305 | D:9      | Became a worshipper of Makhleb the Destroyer
  7314 | D:9      | Noticed Erica
  7329 | D:9      | HP: 1/91 [something/orb of energy (20)]
  7333 | D:9      | Slain by Erica

Levels and vault maps discovered:
D:1:      sevenhm_arrival_forest_fort_large_1, layout_basic
D:2:      layout_rooms, first_ration, chequers_ecumenical_altar_simple,
          uniq_terence, uniq_jessica
D:3:      layout_rooms, lemuel_round_altar, nicolae_qazlal_eye_of_the_storm
D:4:      layout_cave_pools, kennysheep_vampire_church, lemuel_crystal_altar,
          tso_oasis_becter, minmay_misc_feat_room
D:5:      layout_cave_pods
D:6:      layout_basic, grunt_dithmenos_shadows, uniq_crazy_yiuf_cottage,
          uniq_menkaure
D:7:      layout_basic, yredelemnul_altar_generic, minmay_temple_entry_statues
D:8:      layout_loops_ring, grunt_livestock
D:9:      layout_big_octagon, gammafunk_temple_overflow_forgotten,
          david_lair_generic, serial_gnoll_camp, gnoll_camp_mini_house,
          gnoll_camp_huts_basic, gnoll_camp_mini_shop, grums_kennel,
          gnoll_camp_mini_loothouse, gnoll_camp_medium_01, uniq_erica
Temple:   nicolae_temple_figure_eight

Skill      XL: |  1  2  3  4  5  6  7  8  9 10 |
---------------+-------------------------------+-----
Axes           | 3 5 7 8 9 10 12 | 12.7
Fighting       | 3 4 5 6 |  6.1
Armour         | 5 6 7 |  7.3
Shields        | 5 6 7 |  7.4

Action                   |  1- 3 |  4- 6 |  7- 9 | 10-12 || total
-------------------------+-------+-------+-------+-------++-------
Melee: War axe           |    83 |   121 |   473 |   128 ||   805
Throw: Dart              |    42 |    80 |    41 |    11 ||   174
 Abil: Heal Wounds       |       |     1 |    11 |     1 ||    13
  Use: Scroll            |       |       |     7 |       ||     7
       Potion            |       |       |       |     1 ||     1
  Eat: Chunk             |     2 |     5 |    12 |     3 ||    22
Armor: Scale mail        |    41 |    67 |   133 |       ||   241
       Plate armour      |       |       |    42 |   116 ||   158
Dodge: Dodged            |    26 |    39 |    88 |    26 ||   179
Block: Shield            |    34 |    76 |   334 |   108 ||   552
       Reflection        |       |       |     3 |     8 ||    11
